 Dungeon Crawl Stone Soup version 0.24-a0-699-g5a66b1aa3b (webtiles) character file.

Game seed: 12472518447640536305, levelgen mode: deterministic

1050 Anathary the Chopper (level 8, -8/61 HPs)
             Began as a Human Berserker on Sept 29, 2019.
             Was a Priest of Trog.
             Mangled by Joseph
             ... wielding a +0 quarterstaff
              (9 damage)
             ... on level 7 of the Dungeon.
             The game lasted 00:16:53 (4884 turns).

Anathary the Chopper (Human Berserker)              Turns: 4884, Time: 00:16:54

Health: -8/61      AC: 11    Str: 22    XL:     8   Next: 50%
Magic:  8/8        EV: 14    Int: 11    God:    Trog [***...]
Gold:   270        SH:  0    Dex: 16    Spells: 7/7 levels left

rFire    . . .     SeeInvis .   t - +0 battleaxe
rCold    . . .     Gourm    .   (shield currently unavailable)
rNeg     + . .     Faith    .   a - +4 ring mail of Weightlessness {Str+3 Int+3 Dex+3}
rPois    .         Spirit   .   (no helmet)
rElec    .         Reflect  .   (no cloak)
rCorr    .         Harm     .   (no gloves)
MR       .....                  n - +0 pair of boots
Stlth    +.........             (no amulet)
HPRegen  0.20/turn              d - ring of positive energy
MPRegen  0.11/turn              (no ring)

@: no status effects
A: no striking features
a: Berserk, Trog's Hand, Renounce Religion


You were on level 7 of the Dungeon.
You worshipped Trog.
Trog was most pleased with you.
You were not hungry.

You visited 1 branch of the dungeon, and saw 6 of its levels.

You collected 270 gold pieces.

Inventory:

Hand Weapons
 t - a +0 battleaxe (weapon)
Armour
 a - the +4 ring mail of Weightlessness (worn) {Str+3 Int+3 Dex+3}
   (You found it on level 4 of the Dungeon)

   It affects your strength (+3).
   It affects your intelligence (+3).
   It affects your dexterity (+3).
 n - a +0 pair of boots (worn)
 r - a +3 ring mail
Jewellery
 d - a ring of positive energy (left hand)
 s - an uncursed ring of protection from magic {unknown}
Wands
 w - a wand of iceblast (8)
 x - a wand of flame (13)
Scrolls
 g - 2 scrolls of fear {unknown}
 h - a scroll of remove curse
 j - a scroll of enchant armour {unknown}
 m - 2 scrolls of teleportation {unknown}
 p - 3 scrolls of magic mapping {unknown}
 y - a scroll of identify
Potions
 b - 2 potions of cancellation {unknown}
 e - 2 potions of flight {unknown}
 f - a potion of magic
 i - 2 potions of heal wounds {unknown}
 k - 2 potions of curing
 l - 3 potions of mutation {unknown}
 o - a potion of might {unknown}
 q - a potion of invisibility {unknown}
 u - 2 potions of agility {unknown}
 v - a potion of degeneration {unknown}
Comestibles
 c - 3 rations


   Skills:
 + Level 4.6 Fighting
 + Level 7.0 Axes
 + Level 3.8 Armour
 + Level 4.8 Dodging
 + Level 1.7 Stealth


You had 7 spell levels left.
You didn't know any spells.
Your spell library was empty.

Dungeon Overview and Level Annotations

Branches:
Dungeon (5/15)             Temple (0/1) D:4

Altars:
Fedhas
Gozag
Hepliaklqana
Nemelex Xobeh
Trog
Vehumet
Yredelemnul

Shops:
D:5 *

Annotations:
D:5 1 runed translucent door
D:7 Joseph


Message History

The leopard gecko hisses angrily.
Joseph unwields a +0 hunting sling.
Joseph wields a +0 quarterstaff.
Joseph hits you with a +0 quarterstaff.
* * * LOW HITPOINT WARNING * * *
You slice Joseph!!
Joseph is moderately wounded.
You barely miss the leopard gecko. The leopard gecko misses you.
Joseph hits you with a +0 quarterstaff.
* * * LOW HITPOINT WARNING * * *
The leopard gecko closely misses you.
You closely miss Joseph.
Joseph is moderately wounded.
You barely miss the leopard gecko. Joseph hits you with a +0 quarterstaff!
* * * LOW HITPOINT WARNING * * *
The leopard gecko closely misses you.
You closely miss Joseph.
Joseph is moderately wounded.
You closely miss the leopard gecko. The leopard gecko closely misses you.
Joseph hits you with a +0 quarterstaff!
You die...

#.........#
#.........####
#............#
#............#
###...........#
...?..........+
#..?.@......#
#....@l.....#
#...........#
###....(...####
#......(...#
.......(...#
.....##(####
..... #.# .....
#.# #.## #.#


You could see Joseph and a leopard gecko.

Vanquished Creatures
  Sigmund (D:3)
  2 phantoms (D:5)
  An ogre (D:5)
  2 scorpions (D:4)
  2 howler monkeys (D:4)
  2 crimson imps (D:5)
  An orc priest (D:5)
  A bullfrog skeleton (D:4)
  A centaur skeleton (D:5)
  An orc wizard (D:5)
  Natasha (thrice) (D:3)
  A worker ant (D:7)
  A killer bee zombie (D:7)
  3 adders
  A worm (D:2)
  2 dart slugs
  3 leopard geckos (D:2)
  7 orcs
  A ball python (D:5)
  4 bats
  5 giant cockroaches
  11 goblins
  7 hobgoblins
  4 jackals (D:1)
  4 kobolds
  4 quokkas
  3 frilled lizards
  A quokka skeleton (D:7)
  4 rats
83 creatures vanquished.

Vanquished Creatures (others)
  A sky beast (D:7)
1 creature vanquished.

Grand Total: 84 creatures vanquished

Notes
Turn   | Place    | Note
-------+----------+-------------------------------------------
     0 | D:1      | Anathary the Human Berserker began the quest for the Orb.
     0 | D:1      | Reached XP level 1. HP: 18/18 MP: 1/1
   262 | D:1      | Reached XP level 2. HP: 12/24 MP: 2/2
   792 | D:1      | Reached XP level 3. HP: 29/29 MP: 3/3
  1171 | D:2      | Reached ** piety under Trog
  1578 | D:2      | Found an opulent altar of Gozag.
  1875 | D:3      | Reached XP level 4. HP: 25/35 MP: 4/4
  2115 | D:3      | Found a bloodstained altar of Trog.
  2151 | D:3      | Noticed Sigmund
  2176 | D:3      | Killed Sigmund
  2176 | D:3      | Reached skill level 4 in Axes
  2176 | D:3      | Reached skill level 1 in Stealth
  2176 | D:3      | Reached XP level 5. HP: 10/42 MP: 5/5
  2176 | D:3      | Reached XP level 6. HP: 12/48 MP: 6/6
  2421 | D:3      | Noticed Natasha
  2430 | D:3      | Killed Natasha
  2531 | D:3      | Reached skill level 5 in Axes
  2723 | D:3      | Noticed Natasha
  2735 | D:3      | Killed Natasha
  2909 | D:3      | Noticed Natasha
  2919 | D:3      | Killed Natasha
  3019 | D:4      | Got a fine ring mail
  3183 | D:4      | Reached XP level 7. HP: 54/54 MP: 7/7
  3217 | D:4      | Identified the +4 ring mail of Weightlessness {Str+3 Int+3
                  | Dex+3} (You found it on level 4 of the Dungeon)
  3541 | D:4      | Found a blossoming altar of Fedhas.
  3571 | D:4      | Found a staircase to the Ecumenical Temple.
  3669 | D:5      | Entered Level 5 of the Dungeon
  3686 | D:5      | Reached skill level 6 in Axes
  3877 | D:5      | Found a hazy altar of Hepliaklqana.
  3922 | D:5      | Reached XP level 8. HP: 45/61 MP: 8/8
  4207 | D:5      | Found Ydyad's General Store.
  4326 | D:5      | Found a basalt altar of Yredelemnul.
  4463 | D:5      | Found a runed translucent door.
  4526 | D:5      | Reached *** piety under Trog
  4672 | D:5      | You fall into a shaft and drop 2 floors!
  4688 | D:7      | Found a radiant altar of Vehumet.
  4688 | D:7      | Found a sparkling altar of Nemelex Xobeh.
  4873 | D:7      | Noticed Joseph
  4877 | D:7      | Reached skill level 7 in Axes
  4883 | D:7      | HP: 1/61 [Joseph/+0 quarterstaff (11)]
  4884 | D:7      | Mangled by Joseph

Levels and vault maps discovered:
D:1:      psy_arrival_terrarium, layout_loops_corners
D:2:      layout_rooms, nicolae_gozag_cash_rules_everything_around_me
D:3:      layout_loops_ring, lemuel_coloured_pillars_altar, grunt_ministairs_10,
          uniq_natasha, uniq_sigmund
D:4:      layout_gridville, kennysheep_mini, minmay_temple_entry_waves
D:5:      layout_loops_corners, old_standard_altar, basic_altar, serial_shops,
          shop, first_ration, lightli_church_of_beogh
D:7:      layout_basic, gammafunk_temple_overflow_claw, uniq_joseph,
          uniq_menkaure

Skill      XL: |  1  2  3  4  5  6  7  8 |
---------------+-------------------------+-----
Axes           | 4 5 6 7 |  7.0
Dodging        | 3 4 |  4.8
Stealth        | 1 |  1.7
Fighting       | 4 |  4.6
Armour         | 3 |  3.8

Action                   |  1- 3 |  4- 6 |  7- 9 || total
-------------------------+-------+-------+-------++-------
Melee: Hand axe          |   139 |    78 |       ||   217
       Battleaxe         |       |    15 |   132 ||   147
  Use: Scroll            |       |     6 |     1 ||     7
 Stab: Sleeping          |       |     1 |       ||     1
  Eat: Ration            |     1 |     1 |     1 ||     3
       Chunk             |       |       |     3 ||     3
Armor: Animal skin       |    29 |     3 |       ||    32
       Ring mail         |       |    21 |    58 ||    79
Dodge: Dodged            |    96 |    55 |   114 ||   265

Table legend:
 A = Non-vault XP
 B = Vault XP
 C = Vault XP percentage of total XP
 D = Non-vault monster count
 E = Vault monster count
 F = Vault count percentage of total count
                 A         B        C        D         E       F
            +---------+---------+-------+---------+---------+-------
      Total |    1238 |     262 |  17.5 |      81 |       3 |   3.6
            +---------+---------+-------+---------+---------+-------
        D:1 |      37 |       0 |   0.0 |      22 |       0 |   0.0
        D:2 |      30 |       0 |   0.0 |      12 |       0 |   0.0
        D:3 |      97 |     262 |  73.0 |      14 |       3 |  17.6
        D:4 |     320 |       0 |   0.0 |      11 |       0 |   0.0
        D:5 |     634 |       0 |   0.0 |      17 |       0 |   0.0
        D:7 |     120 |       0 |   0.0 |       5 |       0 |   0.0
            +---------+---------+-------+---------+---------+-------
